 Dungeon Crawl Stone Soup version 0.31-a0-255-g9c3d1c461a (webtiles) character file.

Game seed: 5644093857597179023

49 qw the Shooter (level 3, -3/21 HPs)
             Began as a Gargoyle Hexslinger on July 12, 2023.
             Slain by Robin
             ... wielding a +0 spear
              (4 damage)
             ... on level 2 of the Dungeon.
             The game lasted 00:00:29 (963 turns).

qw the Shooter (Gargoyle Hexslinger)                 Turns: 963, Time: 00:00:29

Health: -3/21      AC:  5    Str: 11    XL:     3   Next: 77%
Magic:  4/4        EV: 12    Int: 13    God:
Gold:   46         SH:  0    Dex: 14    Spells: 3/4 levels left

rFire   . . .        Y - +1 sling
rCold   . . .        (no shield)
rNeg    + . .        c - +0 robe
rPois   inf          (no helmet)
rElec   +            (no cloak)
rCorr   .            (no gloves)
SInv    .            (no boots)
Will    .....        (no amulet)
Stlth   +            (no ring)
HPRegen 0.23/turn    (no ring)
MPRegen 0.09/turn

%: no passive effects
@: no status effects
A: sickness immunity, AC +3, negative energy resistance 1, electricity
resistance, torment resistance 1, petrification resistance
a: no special abilities


You were on level 2 of the Dungeon.
You visited 1 branch of the dungeon, and saw 2 of its levels.

You collected 46 gold pieces.


Innate Abilities, Weirdness & Mutations

You are immune to sickness and miasma.
Your stone body is resilient. (AC +3)
You are immune to poison.
You resist negative energy. (rN+)
You are resistant to electric shocks. (rElec)
You are resistant to unholy torment.
You are immune to petrification.


   Skills:
 - Level 2.2 Fighting
 + Level 3.4 Ranged Weapons
 - Level 1.5 Dodging
 - Level 1.0 Spellcasting
 - Level 2.6 Hexes


You had 3 spell levels left.
You knew the following spells:

 Your Spells              Type           Power      Damage    Failure   Level
a - Slow                  Hex            28%        N/A       10%         1

Your spell library contained the following spells:

 Spells                   Type           Power      Damage    Failure   Level
 Inner Flame              Hex/Fire       4%         N/A       43%         3
 Portal Projectile        Hex/Tloc       8%         N/A       43%         3
 Cause Fear               Hex            3%         N/A       67%         4

Inventory:

Hand Weapons
 Y - a +1 sling (weapon)
Armour
 c - a +0 robe (worn)
Scrolls
 a - a scroll of identify {unknown}
 b - a scroll of summoning {unknown}
Potions
 f - a potion of attraction {unknown}

Dungeon Overview and Level Annotations

Branches:
Dungeon (2/15)

Altars:

Annotations:
D:2 Robin


Message History

The sling bullet hits Robin but does no damage.
Robin throws the goblin at you!
You shoot a sling bullet. The sling bullet hits the goblin.
The goblin is moderately wounded.
The goblin hits you with a +0 club.
You shoot a sling bullet.
The sling bullet barely misses the goblin.
The goblin completely misses you.
A hobgoblin comes into view.
The goblin hits you with a +0 club.
You shoot a sling bullet.
The sling bullet closely misses the goblin.
The goblin barely misses you.
You shoot a sling bullet. The sling bullet hits the goblin.
You kill the goblin!
Robin throws the goblin at you!
You shoot a sling bullet.
The sling bullet closely misses the goblin.
The goblin hits you with a +0 dagger.
Robin hits you from afar with a +0 spear.
You shoot a sling bullet. The sling bullet hits the goblin.
You kill the goblin!
Robin hits you from afar with a +0 spear. x2
You shoot a sling bullet. The sling bullet hits Robin.
Robin is moderately wounded.
Robin hits you from afar with a +0 spear.
You shoot a sling bullet. The sling bullet hits Robin.
Robin is moderately wounded.
Robin hits you from afar with a +0 spear.
You shoot a sling bullet.
The sling bullet completely misses Robin.
Robin barely misses you.
You shoot a sling bullet. The sling bullet hits Robin.
Robin is heavily wounded.
Robin hits you from afar with a +0 spear.
You shoot a sling bullet. The sling bullet hits Robin.
Robin is severely wounded.
Robin misses you.
Robin hits you from afar with a +0 spear.
You die...

#..## ##...##
#.....# # #....#
.# ..# #.)#.##.#
.... ##)......#
...# #.))...###
...#
#.###..#######...#
#@# #..##.........
....gg.)#
#.............
....)####
#.###.........
.... #.#
####...... ... #.#
#<#...# ## #.#
#.#...# #%#
###.#...# #.#
#.......# #.
#%#......


You could see Robin and a hobgoblin (strong).

Vanquished Creatures
  An adder (D:2)
  A worm (D:2)
  A dart slug (D:2)
  4 bats
  An endoplasm (D:1)
  7 goblins (D:2)
  5 hobgoblins
  A kobold (D:1)
  A quokka (D:1)
  5 ball pythons (D:1)
  3 frilled lizards
  5 rats
35 creatures vanquished.

Notes
Turn   | Place    | Note
-------+----------+-------------------------------------------
     0 | D:1      | qw the Gargoyle Hexslinger began the quest for the Orb.
     0 | D:1      | Reached XP level 1. HP: 12/12 MP: 2/2
     0 | D:1      | 0 ||| qw: Version: 0.3-a-52-g30416fa
     0 | D:1      | 0 ||| qw: Game counter: 6652
     0 | D:1      | 0 ||| qw: Melee chars always use a shield: true
     0 | D:1      | 0 ||| qw: God list: Okawaru
     0 | D:1      | 0 ||| qw: Allow faded altars: false
     0 | D:1      | 0 ||| qw: Do Orc after clearing Dungeon:15 true
     0 | D:1      | 0 ||| qw: Do second Lair branch before Depths: true
     0 | D:1      | 0 ||| qw: Lair rune preference: random
     0 | D:1      | 0 ||| qw: Goals: Normal
     0 | D:1      | 0 ||| PLANNING D:1-11
   120 | D:1      | Reached XP level 2. HP: 16/16 MP: 3/3
   208 | D:1      | Reached skill level 3 in Ranged Weapons
   548 | D:1      | 548 ||| READING scroll labelled KAVOEDALERPH.
   549 | D:1      | 549 ||| READING scroll labelled REKIEN KOEQISM.
   550 | D:1      | 550 ||| DRINKING 3 amethyst potions.
   551 | D:1      | 551 ||| DROPPING scroll of poison.
   598 | D:2      | HP: 3/17 [adder (3)]
   599 | D:2      | 599 ||| DRINKING 2 potions of heal wounds.
   604 | D:2      | Reached XP level 3. HP: 15/21 MP: 4/4
   801 | D:2      | HP: 5/21 [goblin/+0 dagger[Robin] (3)]
   802 | D:2      | 802 ||| DRINKING potion of heal wounds.
   856 | D:2      | 856 ||| FLEEEEING.
   866 | D:2      | HP: 4/21 [worm (8)]
   949 | D:2      | Noticed Robin
   960 | D:2      | HP: 5/21 [Robin/+0 spear (1)]
   962 | D:2      | HP: 1/21 [Robin/+0 spear (5)]
   963 | D:2      | Slain by Robin

Levels and vault maps discovered:
D:1:      onia_arrival_mini_spirals, layout_basic, minmay_misc_feat_tower,
          dk_noncrumbling_2
D:2:      layout_loops_cross, ebering_ecumenical_altar_hall, uniq_jessica,
          uniq_robin

Skill      XL: |  1  2 |
---------------+-------+-----
Ranged Weapons | 3 |  3.4
Fighting       | 2 |  2.2
Dodging        | |  1.5
Spellcasting   | |  1.0
Hexes          | |  2.6

Action                     || total
---------------------------++-------
   Fire: Sling             ||   138
    Use: Potion            ||     3
         Scroll            ||     2
 Armour: Robe              ||    45
  Dodge: Dodged            ||    67

Table legend:
 A = Non-vault XP
 B = Vault XP
 C = Vault XP percentage of total XP
 D = Non-vault monster count
 E = Vault monster count
 F = Vault count percentage of total count
                 A         B        C        D         E       F
            +---------+---------+-------+---------+---------+-------
      Total |      57 |      14 |  19.7 |      27 |       8 |  22.9
            +---------+---------+-------+---------+---------+-------
        D:1 |      29 |       0 |   0.0 |      19 |       0 |   0.0
        D:2 |      28 |      14 |  33.3 |       8 |       8 |  50.0
            +---------+---------+-------+---------+---------+-------
